 Dungeon Crawl Stone Soup version 0.24-a0-189-g5d897e9 (webtiles) character file.

Game seed: 16327334714144619547

21 vulsuck the Sneak (level 3, -1/21 HPs)
             Began as a Kobold Assassin on Mar 18, 2019.
             Slain by an adder (2 damage)
             ... on level 1 of the Dungeon.
             The game lasted 00:02:58 (1042 turns).

vulsuck the Sneak (Kobold Assassin)                 Turns: 1042, Time: 00:02:58

Health: -1/21      AC:  5    Str:  8    XL:     3   Next: 5%
Magic:  3/3        EV: 13    Int: 18    God:
Gold:   88         SH:  0    Dex: 16    Spells: 2/2 levels left

rFire    . . .     SeeInvis .   b - +0 blowgun
rCold    . . .     Gourm    .   (shield restricted)
rNeg     . . .     Faith    .   l - +1 leather armour
rPois    .         Spirit   .   (no helmet)
rElec    .         Reflect  .   d - +0 cloak
rCorr    .         Harm     .   (no gloves)
MR       .....                  (no boots)
Stlth    +++.......             (no amulet)
HPRegen  0.07/turn              (no ring)
MPRegen  0.08/turn              (no ring)

@: brilliant, lethally poisoned (-1 -> -4), hasted, very quick
A: small, carnivore
a: no special abilities


You were on level 1 of the Dungeon.
You were very full.

You visited 1 branch of the dungeon, and saw 2 of its levels.

You collected 88 gold pieces.

Inventory:

Hand Weapons
 a - a +2 dagger
 b - a +0 blowgun (weapon)
Missiles
 e - 7 poisoned needles (quivered)
Armour
 c - a +0 robe
 d - a +0 cloak (worn)
 l - a +1 leather armour (worn)
Scrolls
 h - a scroll of teleportation {unknown}
 i - 2 scrolls of enchant armour
 j - a scroll of remove curse {unknown}
Comestibles
 g - 3 rations


   Skills:
 - Level 2.1 Fighting
 + Level 3.6 Short Blades
 - Level 2.1 Throwing
 - Level 1.2 Dodging
 + Level 6.0 Stealth


You had 2 spell levels left.
You didn't know any spells.
Your spell library was empty.

Dungeon Overview and Level Annotations

Branches:
Dungeon (2/15)

Altars:


Innate Abilities, Weirdness & Mutations

You are small and have problems with some larger weapons.
You are carnivorous and can eat meat at any time.


Message History

Firing (i - inventory. (/) - cycle)
f - a curare-tipped needle (quivered)
Press: ? - help, Shift-Dir - straight line, f/p - adder
Aim: an adder You shoot a curare-tipped needle.
The curare-tipped needle misses the adder.
The adder bites you.
* * * LOW HITPOINT WARNING * * *
You are lethally poisoned!
The adder poisons you!
It was a potion of haste.
You feel yourself speed up.
* * * LOW HITPOINT WARNING * * *
You feel sick. The adder bites you but does no damage.
It was a potion of brilliance.
You feel clever all of a sudden. The adder misses you.
As you read the scroll labeled ACVEIH FAWOL, it crumbles to dust.
It is a scroll of enchant armour.
Your +0 leather armour glows green for a moment.
The adder bites you.
You die...

#####.#######.......
#...........#.......
#...........#####'##
#...........##.....#
#...................
#...........##.....#
#...........##.....#
######...........##.....#
#.......@S.....(..#.....#
##.##########.###.#.....#
#.# #.# #.......# #.# #.#
##.###.## #.# #.#
#..##.## #.# #.# ##.##.#.
#.# ######.## #..#.#. #.#
#.......# ##.#.#. #.#
#.......## #.....


You could see an adder.

Vanquished Creatures
  A dart slug (D:1)
  4 bats (D:1)
  2 giant cockroaches
  A goblin (D:1)
  3 hobgoblins (D:1)
  2 jackals (D:1)
  A frilled lizard (D:1)
  A kobold (D:1)
  2 rats (D:1)
17 creatures vanquished.

Notes
Turn   | Place    | Note
-------+----------+-------------------------------------------
     0 | D:1      | vulsuck the Kobold Assassin began the quest for the Orb.
     0 | D:1      | Reached XP level 1. HP: 12/12 MP: 1/1
   261 | D:1      | Reached XP level 2. HP: 17/17 MP: 2/2
   968 | D:2      | Reached XP level 3. HP: 21/21 MP: 3/3
  1026 | D:1      | Reached skill level 6 in Stealth
  1040 | D:1      | HP: 1/21 [poisoned by an adder]
  1042 | D:1      | Slain by an adder

Levels and vault maps discovered:
D:1:      erik_arrival_cave_to_civilisation [erik_arrival_cave_to_hall],
          layout_basic
D:2:      layout_loops_ring, first_ration, serial_park_tiny_2

Skill      XL: |  1  2  3 |
---------------+----------+-----
Short Blades   | 3 |  3.6
Stealth        | 6 |  6.0
Fighting       | |  2.1
Throwing       | |  2.1
Dodging        | |  1.2

Action                   || total
-------------------------++-------
Melee: Dagger            ||    63
 Fire: Blowgun           ||     5
  Use: Potion            ||     2
       Scroll            ||     1
 Stab: Sleeping          ||     6
  Eat: Chunk             ||     8
Armor: Robe              ||     8
       Leather armour    ||    15
Dodge: Dodged            ||    51

Table legend:
 A = Non-vault XP
 B = Vault XP
 C = Vault XP percentage of total XP
 D = Non-vault monster count
 E = Vault monster count
 F = Vault count percentage of total count
                 A         B        C        D         E       F
            +---------+---------+-------+---------+---------+-------
      Total |      27 |       4 |  12.9 |      15 |       2 |  11.8
            +---------+---------+-------+---------+---------+-------
        D:1 |      25 |       4 |  13.8 |      14 |       2 |  12.5
        D:2 |       2 |       0 |   0.0 |       1 |       0 |   0.0
            +---------+---------+-------+---------+---------+-------
